 Dungeon Crawl Stone Soup version 0.26.1 (webtiles) character file.

Game seed: 11664586554304224621

182 Gadfly the Unbeliever (level 5, -2/41 HPs)
             Began as a Demonspawn Monk on Feb 8, 2021.
             Killed by divine providence
             ... invoked by an orc priest
              (13 damage)
             ... on level 3 of the Dungeon.
             The game lasted 00:03:48 (2568 turns).

Gadfly the Unbeliever (Demonspawn Monk)             Turns: 2568, Time: 00:03:48

Health: -2/41      AC: 14    Str: 12    XL:     5   Next: 35%
Magic:  7/7        EV:  3    Int: 12    God:
Gold:   115        SH:  0    Dex: 15    Spells: 4/4 levels left

rFire    . . .     SeeInvis .   a - +0 hand axe
rCold    . . .     Faith    .   (no shield)
rNeg     . . .     Spirit   .   c - +0 plate armour
rPois    .         Reflect  .   (no helmet)
rElec    .         Harm     .   (no cloak)
rCorr    .         Rampage  .   (no gloves)
Will     .....                  h - +0 pair of boots
Stlth    ..........             (no amulet)
HPRegen  0.13/turn              (no ring)
MPRegen  0.10/turn              (no ring)

@: no status effects
A: thin metallic scales 1, spiny 1
a: no special abilities


You were on level 3 of the Dungeon.
You visited 1 branch of the dungeon, and saw 3 of its levels.

You collected 115 gold pieces.

Inventory:

Hand Weapons
 a - a +0 hand axe (weapon)
Armour
 c - a +0 plate armour (worn)
 h - a +0 pair of boots (worn)
Scrolls
 d - a scroll of fog
 g - a scroll of teleportation
 i - a scroll of magic mapping
Potions
 b - a potion of curing
 e - a potion of lignification
 f - a potion of berserk rage
 j - a potion of flight {unknown}
 k - a potion of haste {unknown}
 l - a potion of resistance {unknown}


   Skills:
 - Level 3.0 Fighting
 + Level 3.2 Axes
 * Level 2.3 Armour
 - Level 2.6 Dodging
 - Level 1.7 Stealth
 * Level 3.4 Invocations
 * Level 2.4 Evocations


You had 4 spell levels left.
You didn't know any spells.
Your spell library was empty.

Dungeon Overview and Level Annotations

Branches:
Dungeon (3/15)

Altars:
Xom


Innate Abilities, Weirdness & Mutations

You are partially covered in thin metallic scales. (AC +2)
You are partially covered in sharp spines.


Message History

You kill the orc wizard!
You closely miss the orc priest.
The orc priest is heavily wounded.
You barely miss the orc. The orc is struck by your spines.
You kill the orc!
The orc priest hits you but does no damage.
Unknown command.
You barely miss the orc priest.
The orc priest is heavily wounded.
The orc priest looks encouraged for a moment.
You hit the orc priest.
The orc priest is severely wounded.
The orc priest hits you with a +0 flail.
* * * LOW HITPOINT WARNING * * *
Unknown command.
You hit the orc priest.
The orc priest is almost dead.
The orc priest mumbles some strange prayers to Beogh against you.
Beogh smites you!
You die...

....^.# #.....# #
......# #.....# .#
......# #.....##.#
...†..####........#
................####
................'..#
######..........#.##
#..........#)##.#
#.....###..@o...#
####### #.##)####
#.# .# #.# .# #.# .#
#.# .# #.# .# .#


You could see an orc priest.

Vanquished Creatures
  2 orc wizards (D:3)
  4 gnolls
  2 adders
  2 oozes
  A worm (D:2)
  3 leopard geckos
  5 orcs (D:3)
  A giant cockroach (D:2)
  9 goblins
  6 hobgoblins
  A ball python (D:3)
  7 bats
  4 frilled lizards
  7 kobolds
  4 rats
58 creatures vanquished.

Notes
Turn   | Place    | Note
-------+----------+-------------------------------------------
     0 | D:1      | Gadfly the Demonspawn Monk began the quest for the Orb.
     0 | D:1      | Reached XP level 1. HP: 18/18 MP: 1/1
   259 | D:1      | Reached skill level 1 in Invocations
   340 | D:1      | Gained mutation: You are partially covered in sharp spines.
                  | [demonic ancestry]
   340 | D:1      | Reached XP level 2. HP: 12/24 MP: 2/2
   343 | D:1      | Reached skill level 1 in Evocations
   567 | D:1      | Reached skill level 1 in Armour
   774 | D:2      | Reached XP level 3. HP: 29/29 MP: 4/4
  1136 | D:2      | Found a shimmering altar of Xom.
  1438 | D:1      | HP: 1/29 [gnoll/+0 flail (8)]
  1440 | D:1      | Reached XP level 4. HP: 2/35 MP: 5/5
  2437 | D:3      | Gained mutation: You are partially covered in thin metallic
                  | scales. (AC +2) [demonic ancestry]
  2437 | D:3      | Reached XP level 5. HP: 27/41 MP: 7/7
  2568 | D:3      | Killed from afar by an orc priest

Illustrated notes

Levels and vault maps discovered:
D:1:      dpeg_arrival_tiny_a, layout_rooms
D:2:      layout_loops_cross, overflow_temple_1_default
D:3:      layout_basic, tgw_fedhas, uniq_robin

Skill      XL: |  1  2  3  4 |
---------------+-------------+-----
Invocations    | 1 2 3 |  3.4
Evocations     | 1 2 |  2.4
Armour         | 1 2 |  2.3
Axes           | 3 |  3.2
Fighting       | |  3.0
Dodging        | |  2.6
Stealth        | |  1.7

Action                   |  1- 3 |  4- 6 || total
-------------------------+-------+-------++-------
Melee: Hand axe          |    89 |    66 ||   155
  Use: Scroll            |     5 |     3 ||     8
       Potion            |     1 |     1 ||     2
 Stab: Sleeping          |     2 |       ||     2
Armor: Robe              |     3 |       ||     3
       Plate armour      |    49 |    54 ||   103
Dodge: Dodged            |    35 |     6 ||    41
